 Dungeon Crawl Stone Soup version 0.30.1-1-g62c8e00024 (webtiles) character file.

Game seed: 12838759706009543405

218 Peloso the Covered (level 5, -3/47 HPs)
             Began as a Minotaur Fighter on July 15, 2023.
             Succumbed to an orc wizard's poison
             ... on level 3 of the Dungeon.
             The game lasted 00:04:22 (1866 turns).

Peloso the Covered (Minotaur Fighter)               Turns: 1866, Time: 00:04:23

Health: -3/47      AC:  7    Str: 18 (21) XL:     5   Next: 63%
Magic:  4/4        EV:  9    Int:  3 (5)  God:
Gold:   85         SH:  0    Dex: 10 (11) Spells: 4/4 levels left

rFire   . . .        a - +0 long sword
rCold   . . .        c - +0 buckler
rNeg    . . .        b - +0 scale mail
rPois   .            (helmet restricted)
rElec   .            (no cloak)
rCorr   .            (no gloves)
SInv    .            (no boots)
Will    .....        (no amulet) Stlth
                     (no ring)
HPRegen 0.27/turn    (no ring)
MPRegen 0.09/turn

%: no passive effects
@: confused, lethally poisoned (-3 -> -24)
A: horns 2, retaliatory headbutt
a: no special abilities


You were on level 3 of the Dungeon.
You visited 1 branch of the dungeon, and saw 3 of its levels.

You collected 85 gold pieces.

Inventory:

Hand Weapons
 a - a +0 long sword (weapon)
Armour
 b - a +0 scale mail (worn)
 c - a +0 buckler (worn)
Scrolls
 h - a scroll of teleportation
 i - a scroll of noise {unknown}
Potions
 d - 2 potions of might
 e - a potion of cancellation
 f - a potion of haste {unknown}
 g - a potion of heal wounds {unknown}
 k - a potion of curing


   Skills:
 + Level 4.7 Fighting
 + Level 4.6 Long Blades
 + Level 4.8 Armour
 + Level 1.4 Dodging
 + Level 4.4 Shields


You had 4 spell levels left.
You didn't know any spells.
Your spell library contained the following spells:

 Spells                   Type           Power      Damage    Failure   Level
 Kiss of Death            Conj/Necr      0%         2d5       93%         1
 Sandblast                Erth           0%         2d4       93%         1
 Blink                    Tloc           0%         N/A       98%         2
 Passwall                 Tmut/Erth      0%         N/A       98%         2
 Call Canine Familiar     Summ           0%         N/A       100%        3
 Confusing Touch          Hex            0%         N/A       100%        3
 Portal Projectile        Hex/Tloc       0%         N/A       100%        3
 Stone Arrow              Conj/Erth      0%         3d7       100%        3
 Dispel Undead            Necr           0%         3d6       100%        4
 Leda's Liquefaction      Hex/Erth       0%         N/A       100%        4
 Manifold Assault         Tloc           0%         N/A       100%        4
 Storm Form               Tmut/Air       0%         N/A       100%        7


Dungeon Overview and Level Annotations

Branches:
Dungeon (3/15)

Altars:


Innate Abilities, Weirdness & Mutations

You have a pair of horns on your head.
You reflexively headbutt those who attack you in melee.


Message History

You feel your intelligence returning.
You slash the orc!
You kill the orc!
Things that are here:
a +0 short sword; a +0 morningstar; a +0 ring mail You hear some strange, mumbled words.
Something tries to affect you, but you resist.
You miss something. Your headbutt misses something.
Something hits you but does no damage. You block something's attack.
You hit something. Something hits you.
You are poisoned.
You barely miss something. Your headbutt misses something.
You feel sick.
You hear some strange, mumbled words.
A magic dart appears from out of thin air!
The magic dart hits you.
You miss something. Your headbutt misses something.
You feel sick. Something hits you.
You miss something.
You feel sick.
You hear some strange, mumbled words.
A puff of flame appears from out of thin air!
The puff of flame misses you.
You hear some strange, mumbled words.
You are confused.
You barely miss something. Your headbutt misses something.
You feel sick.
You are no longer poisoned.
Something hits you but does no damage.
You are poisoned.
You bump into the rock wall.
* * * LOW HITPOINT WARNING * * *
You feel very sick. Something hits you but does no damage.
You are lethally poisoned!
You closely miss something.
* * * LOW HITPOINT WARNING * * *
You feel very sick. Something hits you.
* * * LOW HITPOINT WARNING * * *
You are more poisoned.
You miss something.
You die...

.............# ...
.............# ###.. #
.............# ....###.#
...........[.#.#.....o..
##...........#.#....o...
##...........#.........o
##...........# #o#
####.######### #{# # #.#
####### #@# # #.#
#.....# #)# # #.#
#.###.# #.# # #.#
#.....###.# #.#
#..##.....# #.#
#..##.##### #.###.....#
#.....###.# ####### ###


You could see an orc.

Vanquished Creatures
  An orc priest (D:3)
  Jessica (D:2)
  Robin (D:2)
  4 gnolls (D:2)
  4 adders
  2 orcs (D:3)
  3 ball pythons (D:1)
  8 endoplasms
  3 giant cockroaches
  15 goblins
  8 hobgoblins
  6 jackals
  5 kobolds
  3 quokkas
  2 frilled lizards (D:1)
  4 rats (D:1)
70 creatures vanquished.

Notes
Turn   | Place    | Note
-------+----------+-------------------------------------------
     0 | D:1      | Peloso the Minotaur Fighter began the quest for the Orb.
     0 | D:1      | Reached XP level 1. HP: 19/19 MP: 0/0
   346 | D:1      | Reached XP level 2. HP: 23/27 MP: 1/1
   571 | D:1      | Reached XP level 3. HP: 33/33 MP: 2/2
   813 | D:2      | Identified the +1 helmet "Bucuvok" {Dex+2}
   813 | D:2      | Noticed Robin
   866 | D:2      | Killed Robin
  1070 | D:2      | Reached XP level 4. HP: 30/41 MP: 3/3
  1160 | D:2      | Noticed Jessica
  1169 | D:2      | Killed Jessica
  1258 | D:2      | Reached skill level 1 in Dodging
  1263 | D:2      | Reached XP level 5. HP: 47/47 MP: 4/4
  1865 | D:3      | HP: 2/47 [something (3)]
  1866 | D:3      | Succumbed to an orc wizard's poison

Illustrated notes

Levels and vault maps discovered:
D:1:      minmay_arrival_widening_spiral_narrow, layout_basic
D:2:      layout_rooms, minmay_misc_feat_chi, chequers_serial_rivers_micro_a,
          uniq_robin, uniq_jessica
D:3:      layout_basic, serial_bayou_pond_a, nicolae_elevator_lobby_asterisk

Skill      XL: |  1  2  3  4 |
---------------+-------------+-----
Fighting       | 4 |  4.7
Shields        | 4 |  4.4
Armour         | 4 |  4.8
Long Blades    | 3 4 |  4.6
Dodging        | 1 |  1.4

Action                     |  1- 3 |  4- 6 || total
---------------------------+-------+-------++-------
  Melee: Long sword        |    94 |    62 ||   156
         Headbutt          |    13 |    10 ||    23
    Use: Potion            |       |     4 ||     4
         Scroll            |       |     3 ||     3
 Armour: Scale mail        |    41 |    39 ||    80
  Dodge: Dodged            |    45 |    36 ||    81
  Block: Buckler           |    25 |    25 ||    50
